 Dungeon Crawl Stone Soup version 0.28.0 (webtiles) character file.

Game seed: 16977645461087084637

361 derockmon1 the Chopper (level 6, -2/50 (56) HPs)
             Began as a Hill Orc Berserker on Feb 14, 2022.
             Was a Believer of Trog.
             Slain by a wight (4 damage)
             ... on level 4 of the Dungeon.
             The game lasted 00:09:37 (2796 turns).

derockmon1 the Chopper (Hill Orc Berserker)         Turns: 2796, Time: 00:09:37

HP:   -2/50 (56)    AC:  9    Str: 22    XL:     6   Next: 66%
MP:   6/6           EV:  8    Int:  7    God:    Trog [**....]
Gold: 183           SH:  0    Dex: 10    Spells: 5/5 levels left

rFire   . . .      SeeInvis .   a - +0 hand axe
rCold   . . .      Faith    .   (no shield)
rNeg    . . .      Spirit   .   d - +0 chain mail
rPois   .          Reflect  .   (no helmet)
rElec   .          Harm     .   (no cloak)
rCorr   .          Rampage  .   (no gloves)
Will    ++...                   (no boots)
Stlth   ..........              (no amulet)
HPRegen 1.16/turn               (no ring)
MPRegen 0.10/turn               (no ring)

@: strong-willed, on berserk cooldown, regenerating, slowed, heavily drained,
very slow
A: no striking features
a: Renounce Religion, Berserk, Trog's Hand


You were on level 4 of the Dungeon.
You worshipped Trog.
Trog was pleased with you.
You visited 1 branch of the dungeon, and saw 4 of its levels.
You also visited: Sewer.

You collected 183 gold pieces.

Inventory:

Hand Weapons
 a - a +0 hand axe (weapon)
Armour
 b - a +0 animal skin
 d - a +0 chain mail (worn)
Wands
 g - a wand of flame (14)
Scrolls
 j - 4 scrolls of identify {unknown}
 m - a scroll of fog {unknown}
 n - a scroll of magic mapping {unknown}
Potions
 c - 2 potions of curing {unknown}
 e - a potion of lignification {unknown}
 f - a potion of magic {unknown}
 h - a potion of ambrosia {unknown}
 i - a potion of attraction {unknown}
 k - a potion of mutation {unknown}
 l - a potion of haste


   Skills:
 + Level 5.0 Fighting
 + Level 7.2 Axes
 + Level 4.2 Armour
 - Level 1.9 Dodging
 - Level 0.3 Stealth


You had 5 spell levels left.
You didn't know any spells.
Your spell library was empty.

Dungeon Overview and Level Annotations

Branches:
Dungeon (4/15)              Sewer (visited)
 Temple: D:4-7

Altars:
Xom


Message History

You destroy the wight!
Trog accepts your kill.
Things that are here:
a +2 great sword; a +0 robe You feel a strong urge to attack something.
You are no longer berserk.
You are exhausted.
You feel yourself slow down.
Things that are here:
a +2 great sword; a +0 robe You hit the wight.
The wight is moderately damaged.
The wight hits you with a +0 hand axe.
* * * LOW HITPOINT WARNING * * *
A wight comes into view. It is wielding a +0 rapier.
You closely miss the wight.
The wight is moderately damaged.
You feel the effects of Trog's Hand fading.
The wight hits you but does no damage.
You closely miss the wight.
The wight is moderately damaged.
The wight hits you but does no damage. The wight closely misses you.
You barely miss the wight.
The wight is moderately damaged.
The wight hits you with a +0 hand axe.
* * * LOW HITPOINT WARNING * * *
You feel drained.
* * * LOW HITPOINT WARNING * * *
You hit the wight but do no damage.
The wight is moderately damaged.
The wight hits you with a +0 hand axe.
* * * LOW HITPOINT WARNING * * *
The wight hits you with a +0 hand axe.
* * * LOW HITPOINT WARNING * * *
Your skin crawls.
You feel strong-willed. The wight hits you with a +0 hand axe.
* * * LOW HITPOINT WARNING * * *
The wight hits you with a +0 rapier.
You die...

### ... ####.####
#.......# .
#†##.#..# ...
#..#..<..#z###.....
#........z@$.......
##.####.####..?....
# ..... ..#..##
#.......#......#
#...z...#.##.. #
....._...^.. .#.
..#.......#.# #
..#.......#..


You could see 2 wights.

Vanquished Creatures
  A water moccasin (Sewer)
  2 wights (D:4)
  Jessica (D:2)
  7 adders
  A river rat (D:3)
  A worm (D:2)
  A dart slug (D:1)
  An orc (D:3)
  8 ball pythons
  13 bats
  4 endoplasms
  2 giant cockroaches
  5 goblins
  3 hobgoblins
  2 jackals (D:2)
  4 quokkas
  13 rats
69 creatures vanquished.

Vanquished Creatures (others)
  A fungus (D:1)
  A plant (D:1)
2 creatures vanquished.

Grand Total: 71 creatures vanquished

Notes
Turn   | Place    | Note
-------+----------+-------------------------------------------
     0 | D:1      | derockmon1 the Hill Orc Berserker began the quest for the
                  | Orb.
     0 | D:1      | Reached XP level 1. HP: 19/19 MP: 1/1
   187 | D:1      | Reached XP level 2. HP: 26/27 MP: 2/2
   568 | D:1      | Reached ** piety under Trog
   625 | D:1      | Found a faded altar of an unknown god.
   854 | D:1      | Reached XP level 3. HP: 28/33 MP: 3/3
  1145 | D:2      | Noticed Jessica
  1163 | D:2      | Killed Jessica
  1164 | D:2      | Reached skill level 5 in Axes
  1164 | D:2      | Reached XP level 4. HP: 16/41 MP: 4/4
  2040 | D:3      | Reached XP level 5. HP: 43/47 MP: 5/5
  2076 | D:3      | Found a glowing drain.
  2163 | Sewer    | Entered a sewer
  2168 | Sewer    | Reached skill level 6 in Axes
  2223 | Sewer    | Noticed a water moccasin
  2237 | Sewer    | Killed a water moccasin
  2238 | Sewer    | Reached XP level 6. HP: 31/55 MP: 6/6
  2692 | D:4      | Found a shimmering altar of Xom.
  2784 | D:4      | Reached skill level 5 in Fighting
  2784 | D:4      | Reached skill level 7 in Axes
  2796 | D:4      | HP: 2/50 [wight (5)]
  2796 | D:4      | Slain by a wight

Illustrated notes

Levels and vault maps discovered:
D:1:      matt_arrival_refuge, layout_basic,
          shapermc_ecumenical_altar_acropolis, hangedman_decor_growths,
          minmay_rat_gold_closets
D:2:      layout_rooms, uniq_jessica
D:3:      layout_basic, portal_sewer_entry_e,
          nicolae_concentric_dashed_squares_mild
D:4:      layout_basic, lemuel_tele_altar, nicolae_overflow_hallway_of_the_gods,
          gammafunk_temple_overflow_statue

Skill      XL: |  1  2  3  4  5  6 |
---------------+-------------------+-----
Fighting       | 4 5 |  5.0
Axes           | 5 6 7 |  7.2
Armour         | 3 4 |  4.2
Dodging        | |  1.9
Stealth        | |  0.3

Action                   |  1- 3 |  4- 6 || total
-------------------------+-------+-------++-------
Melee: Hand axe          |   112 |   172 ||   284
       Punch             |     1 |     2 ||     3
Invok: Trog's Hand       |     1 |     5 ||     6
       Berserk           |       |     1 ||     1
Armor: Animal skin       |    13 |       ||    13
       Chain mail        |    20 |    87 ||   107
Dodge: Dodged            |    66 |    83 ||   149
